 Dungeon Crawl Stone Soup version 0.21.1-1-g345015f (webtiles) character file.

68 shakethe the Insei (level 4, -6/28 HPs)
             Began as an Octopode Transmuter on Feb 8, 2018.
             Mangled by Prince Ribbit (17 damage)
             ... on level 5 of the Dungeon.
             The game lasted 00:09:13 (2927 turns).

shakethe the Insei (Octopode Transmuter)            Turns: 2927, Time: 00:09:14

Health: -6/28      AC:  1    Str:  9    XL:     4   Next: 19%
Magic:  7/7        EV: 13    Int: 15    God:
Gold:   117        SH:  0    Dex: 13    Spells: 6/7 levels left

rFire    . . .     SeeInvis .     - Unarmed
rCold    . . .     Gourm    .   (no shield)
rNeg     . . .     Faith    .   (helmet restricted)
rPois    .         Spirit   .   (no amulet)
rElec    .         Reflect  .   (no ring)
rCorr    .         Harm     .   (no ring)
MR       .....                  (no ring)
Stlth    ++........             (no ring)
HPRegen  0.09/turn              (no ring)
MPRegen  0.10/turn              (no ring)
                                (no ring)
                                (no ring)

@: no status effects
A: almost no armour, stealthy swim, amphibious, 8 rings, constrict 8, camouflage
1, gelatinous body 1
a: no special abilities


You were on level 5 of the Dungeon.
You were hungry.

You visited 1 branch of the dungeon, and saw 5 of its levels.

You collected 117 gold pieces.

Inventory:

Missiles
 a - 71 arrows
Jewellery
 k - a +6 ring of evasion {unknown}
Scrolls
 e - 6 scrolls of identify {unknown}
 g - 4 scrolls of remove curse {unknown}
 j - a scroll of teleportation {unknown}
Potions
 d - a potion of mutation {unknown}
 f - a potion of lignification {unknown}
 h - a potion of heal wounds {unknown}
 i - 2 potions of curing {unknown}
 l - 2 potions of berserk rage {unknown}
 m - a potion of might {unknown}
 n - a potion of brilliance {unknown}
Books
 b - a book of Changes

   Spells                             Type                      Level
   a - Beastly Appendage              Transmutation                1
   b - Sticks to Snakes               Transmutation                2
   c - Spider Form                    Transmutation/Poison         3
   d - Ice Form                       Ice/Transmutation            4
   e - Blade Hands                    Transmutation                5
Comestibles
 c - 2 rations


   Skills:
 - Level 1.0 Fighting
 - Level 2.0 Dodging
 + Level 4.9 Unarmed Combat
 - Level 2.0 Spellcasting
 - Level 2.0 Transmutations


You had 6 spell levels left.
You knew the following spells:

 Your Spells              Type           Power        Failure   Level  Hunger
a - Beastly Appendage     Tmut           #.....       10%         1    #......


Dungeon Overview and Level Annotations

Branches:
Dungeon (6/15)
 Temple: D:4-7

Altars:
Hepliaklqana

Shops:
D:5 [

Annotations:
D:2 Sigmund
D:3 1 transporter, Grinder
D:5 Prince Ribbit
D:6 1 transporter, exclusion: ogre, Dowan, Duvessa


Innate Abilities, Weirdness & Mutations

You cannot wear most types of armour.
You are very stealthy in the water. (Stealth+)
You are amphibious.
You can wear up to eight rings at the same time.
You can use your tentacles to constrict eight enemies at once.
Your skin changes colour to match your surroundings (Stealth+).
Your rubbery body absorbs attacks. (AC +1, EV +1)


Message History

Found 13 gold pieces.
A jackal comes into view.
Prince Ribbit blinks!
Found a ration.
You see here a blue potion.
The worker ant bites you but does no damage.
You aren't carrying any items that you can evoke.
The jackal barks! x2
Prince Ribbit catches a mouse with his tongue.
Found 28 stones.
Found a stone staircase leading down.
The jackal barely misses you.
Prince Ribbit lets out a mournful croak.
The jackal misses you. The jackal barely misses you.
The worker ant closely misses you.
You see here a ration.
Prince Ribbit blinks!
The jackal barely misses you. Prince Ribbit hits you!
Ouch! That really hurt!
You die...

#.... #....#
#....#### #.......##
........# #(....#
#######..)..#######
#F..a.ยง.....!......
#>@.hhh.......#####
#.#####.....#.$# ...
########.# ..... .#
#....c .. ###%.. #.#
#... Z# ###.


You could see Prince Ribbit, a black bear, a centaur (wandering), a worker ant
and 2 jackals.

Vanquished Creatures
  3 adders
  A worm (D:3)
  2 giant cockroaches (D:3)
  3 goblins
  3 hobgoblins (D:1)
  5 jackals
  7 bats
  3 frilled lizards (D:1)
  7 kobolds
  5 rats
39 creatures vanquished.

Notes
Turn   | Place    | Note
-------+----------+-------------------------------------------
     0 | D:1      | shakethe the Octopode Transmuter began the quest for the Orb.
     0 | D:1      | Reached XP level 1. HP: 13/13 MP: 3/3
   360 | D:1      | Reached XP level 2. HP: 18/18 MP: 3/5
  1000 | D:2      | Reached skill level 4 in Unarmed Combat
  1000 | D:2      | Reached XP level 3. HP: 11/23 MP: 4/6
  1247 | D:2      | Noticed Sigmund
  1794 | D:3      | Found a hazy altar of Hepliaklqana.
  2043 | D:3      | Noticed Grinder
  2076 | D:3      | Paralysed by Grinder for 3 turns
  2097 | D:3      | Paralysed by Grinder for 4 turns
  2452 | D:3      | Reached XP level 4. HP: 18/28 MP: 4/7
  2687 | D:3      | Found a transporter.
  2791 | D:3      | You fall through a shaft for 3 floors!
  2803 | D:6      | Found a transporter.
  2816 | D:6      | Noticed an ogre
  2852 | D:6      | Noticed Dowan
  2853 | D:6      | Noticed Duvessa
  2879 | D:6      | Noticed a black bear
  2888 | D:5      | Entered Level 5 of the Dungeon
  2899 | D:5      | Noticed Prince Ribbit
  2906 | D:5      | Found Dirup's Armour Emporium.
  2914 | D:5      | Noticed a centaur
  2927 | D:5      | Mangled by Prince Ribbit

Skill      XL: |  1  2 |
---------------+-------+-----
Unarmed Combat | 4 |  4.9
Fighting       | |  1.0
Dodging        | |  2.0
Spellcasting   | |  2.0
Transmutations | |  2.0

Action                   |  1- 3 |  4- 6 || total
-------------------------+-------+-------++-------
Melee: Unarmed           |    78 |     4 ||    82
       Constrict         |    24 |     1 ||    25
       Kick              |    14 |     1 ||    15
       Tentacles         |    10 |     1 ||    11
       Punch             |     1 |       ||     1
 Cast: Beastly Appendage |    21 |     3 ||    24
 Stab: Sleeping          |     1 |       ||     1
  Eat: Chunk             |     5 |     1 ||     6
Armor: Skin              |    10 |     2 ||    12
Dodge: Dodged            |    53 |    17 ||    70
